Coyotes vs Blackhawks
Created - 29 décembre 2016 at 19:01
Goals
|
| Coyotes |
1 |
0 |
1 |
2 |
| Blackhawks |
2 |
2 |
1 |
5 |
|
Shots
|
| Coyotes |
17 |
6 |
6 |
29 |
| Blackhawks |
19 |
11 |
5 |
35 |
|
1st period
1. Blackhawks , Jonathan Toews 12 (Ian White) at 2:45
2. Blackhawks , Peter Regin 3 (Ryan Hollweg, Joni Pitkanen) at 10:39
3. Coyotes , Ramzi Abid 11 (Tim Connolly, Kristopher Letang) at 14:45 (PP)
Penalties :
Peter Regin (Chi) for Hooking (Minor) at 14:09, Marian Gaborik (Ari) for Charging (Double Minor) at 17:28
2nd period
4. Blackhawks , Niclas Bergfors 13 (Jonathan Toews) at 7:39
5. Blackhawks , Ryan Hollweg 5 (Niclas Bergfors) at 12:29
Penalties :
Jimmy Howard (Chi) for Slashing (Minor) at 15:18 - Dave Tanabe served the penalty, Mike Leclerc (Ari) for Delaying the game (Minor) at 19:48
3rd period
6. Blackhawks , Jonathan Toews 13 (Kurt Sauer, Joni Pitkanen) at 5:17
7. Coyotes , Maxim Talbot 5 (T.J. Oshie, Martin Samuelsson) at 9:23
Penalties :
Peter Regin (Chi) for Holding Stick (Minor) at 2:32, Joni Pitkanen (Chi) for Hooking (Minor) at 11:01
Goalie Stats
Ryan Miller (Ari), 30 saves from 35 shots - (0,857), L, 12-8-0, 60:00 minutes
Jimmy Howard (Chi), 27 saves from 29 shots - (0,931), W, 14-7-1, 60:00 minutes
Players Stats for Coyotes
Player Name G A P +/- PIM S H SB GA TA FO MP PP MP PK MP
------------------------------------------------------------------------------------
Anton Stralman 0 0 0 -2 0 0 1 1 0 2 0/0 17:44 0:00 3:22
Chris Neil 0 0 0 -2 0 0 1 1 0 0 0/0 10:08 0:02 2:04
Eric Brewer 0 0 0 -1 0 3 5 0 0 0 0/0 22:09 2:54 2:04
Josh Gorges 0 0 0 -1 0 0 4 0 1 1 0/0 21:55 3:39 2:04
Kristopher Letang 0 1 1 -1 0 4 1 3 1 0 0/0 22:12 3:39 0:32
Kyle Okposo 0 0 0 -1 0 1 1 0 1 0 0/1 17:09 3:19 0:00
Marian Gaborik 0 0 0 0 4 3 4 0 0 1 0/0 17:32 3:12 0:00
Martin Samuelsson 0 1 1 -1 0 1 1 0 2 2 3/5 14:18 0:00 3:18
Maxim Talbot 1 0 1 -1 0 2 1 0 0 1 5/10 13:04 0:00 2:04
Mike Leclerc 0 0 0 -1 2 0 0 0 0 0 0/1 9:30 0:00 1:59
Nazem Kadri 0 0 0 0 0 1 1 0 0 0 8/16 17:38 3:12 0:05
Nick Bonino 0 0 0 -2 0 1 0 0 0 0 3/3 8:04 0:02 0:00
Ramzi Abid 1 0 1 -1 0 4 1 0 1 1 0/3 18:39 3:19 1:14
Ryan Whitney 0 0 0 -1 0 0 1 2 2 0 0/0 18:16 2:54 0:32
T.J. Oshie 0 1 1 -2 0 0 0 1 0 0 0/1 11:48 0:02 0:00
Tim Connolly 0 1 1 -1 0 4 2 2 1 0 6/21 18:37 3:19 1:12
Toni Lydman 0 0 0 -2 0 1 1 1 0 0 0/0 17:44 0:00 3:22
Tyler Ennis 0 0 0 0 0 4 0 0 1 1 0/1 17:33 3:12 0:00
Players Stats for Blackhawks
Player Name G A P +/- PIM S H SB GA TA FO MP PP MP PK MP
------------------------------------------------------------------------------------
Antoine Roussel 0 0 0 0 0 1 0 0 0 1 0/1 20:07 2:28 1:09
Brendan Bell 0 0 0 0 0 1 2 1 0 0 0/0 12:49 0:00 1:01
Carson Mcmillan 0 0 0 0 0 0 0 0 0 1 0/0 7:10 0:00 0:00
Dave Tanabe 0 0 0 0 0 2 1 0 1 0 0/0 12:39 0:00 0:23
Denis Grebeshkov 0 0 0 1 0 0 0 1 0 0 0/0 20:53 1:48 2:34
Derick Brassard 0 0 0 0 0 3 1 0 0 0 13/20 18:58 2:28 0:00
Ian White 0 1 1 3 0 1 2 0 0 2 0/0 27:05 4:10 3:45
Jonathan Toews 2 1 3 3 0 5 2 0 1 0 13/20 18:44 3:11 2:03
Joni Pitkanen 0 2 2 3 2 0 4 0 0 2 0/0 26:48 4:10 2:47
Kurt Sauer 0 1 1 1 0 2 1 0 0 2 0/0 20:55 1:48 2:36
Kyle Brodziak 0 0 0 0 0 0 1 0 0 0 0/2 7:41 0:00 0:31
Niclas Bergfors 1 1 2 2 0 5 0 0 1 0 0/0 15:55 3:11 0:00
Oleg Saprykin 0 0 0 0 0 2 1 0 0 0 0/0 11:07 0:00 3:51
Patrick Kaleta 0 0 0 1 0 1 3 0 0 0 2/2 12:39 0:19 2:01
Patrick Kane 0 0 0 0 0 5 2 0 3 1 2/4 18:58 2:28 0:00
Peter Regin 1 0 1 2 4 2 1 0 1 1 7/13 12:18 0:19 2:06
Ryan Hollweg 1 1 2 3 0 3 3 1 2 0 0/0 18:44 3:09 1:01
Tomas Fleischmann 0 0 0 1 0 2 1 0 0 0 0/0 9:54 0:21 0:24
3 Stars
1 - Jonathan Toews (Chi)
2 - Ryan Hollweg (Chi)
3 - Niclas Bergfors (Chi)
Power Play
Coyotes - 1 on 4 Attempt(s) - 25,00%
Blackhawks - 0 on 3 Attempt(s) - 0,00%
Penalty Kill
Coyotes - 3 on 3 Attempt(s) - 100,00%
- Score 0 goal in Penalty Kill
Blackhawks - 3 on 4 Attempt(s) - 75,00%
- Score 0 goal in Penalty Kill
Team Stat
Coyotes - Hits : 25 - Faceoff Wins : 25 - Blocked Shots : 11 - Penalty Minutes : 6
Blackhawks - Hits : 25 - Faceoff Wins : 37 - Blocked Shots : 3 - Penalty Minutes : 6
Official
Referees : Hebert Ghislain and Charron Francis
Linesman : David Brisebois and Brian Mach
Game Notes
No Game Note
Finance
Level 1 -- Attendance: 4820 (80,33%) -- Ticket Income 448 260 $
Level 2 -- Attendance: 4107 (82,14%) -- Ticket Income 238 206 $
Level 3 -- Attendance: 1511 (75,55%) -- Ticket Income 55 907 $
Level 4 -- Attendance: 2640 (66,00%) -- Ticket Income 68 640 $
Luxury Box -- Attendance: 813 (81,30%) -- Ticket Income 140 649 $
Game was played at the Rexall Place.
Total Attendance: 13891 (77,17%)
Total Ticket Income: 951 662 $
Other Income: 142 749 $
Total Income: 1 094 411 $
Coyotes
5 vs 5 Forward
Center Left Wing Right Wing Time % Phy DF OF
1 Nazem Kadri Tyler Ennis Marian Gaborik 32 0 2 3
2 Tim Connolly Ramzi Abid Kyle Okposo 30 1 2 2
3 Maxim Talbot Martin Samuelsson T.J. Oshie 24 0 3 2
4 Nick Bonino Mike Leclerc Chris Neil 14 0 3 2
5 vs 5 Defense
Defense Defense Time % Phy DF OF
1 Kristopher Letang Eric Brewer 38 1 3 1
2 Ryan Whitney Josh Gorges 32 1 3 1
3 Anton Stralman Toni Lydman 30 1 4 0
4 Kristopher Letang Eric Brewer 0 1 3 1
PowerPlay Forward
Center Left Wing Right Wing Time % Phy DF OF
1 Nazem Kadri Tyler Ennis Marian Gaborik 50 1 0 4
2 Tim Connolly Ramzi Abid Kyle Okposo 50 1 0 4
PowerPlay Defense
Defense Defense Time % Phy DF OF
1 Kristopher Letang Josh Gorges 55 1 1 3
2 Ryan Whitney Eric Brewer 45 1 1 3
Penalty Kill 4 Players Forward
Center Wing Time % Phy DF OF
1 Martin Samuelsson Mike Leclerc 55 1 3 1
2 Maxim Talbot Chris Neil 45 1 3 1
Penalty Kill 4 Players Defense
Defense Defense Time % Phy DF OF
1 Toni Lydman Anton Stralman 60 1 4 0
2 Eric Brewer Josh Gorges 40 1 4 0
Penalty Kill - 3 Players Forward
Forward Time % Phy DF OF
1 Mike Leclerc 60 1 4 0
2 Martin Samuelsson 40 0 5 0
Penalty Kill - 3 Players Defense
Defense Defense Time % Phy DF OF
1 Toni Lydman Anton Stralman 60 0 5 0
2 Josh Gorges Eric Brewer 40 0 5 0
4 vs 4 Forward
Center Wing Time % Phy DF OF
1 Nazem Kadri Tyler Ennis 60 0 2 3
2 Tim Connolly Marian Gaborik 40 0 2 3
4 vs 4 Defense
Defense Defense Time % Phy DF OF
1 Kristopher Letang Eric Brewer 60 1 3 1
2 Ryan Whitney Josh Gorges 40 1 3 1
Last Minutes Offensive
Center Left Wing Right Wing Defense Defense
Tim Connolly Tyler Ennis Marian Gaborik Kristopher Letang Josh Gorges
Last Minutes Defensive
Center Left Wing Right Wing Defense Defense
Maxim Talbot Martin Samuelsson Marian Gaborik Eric Brewer Toni Lydman
Goaltenders
Starting : Ryan Miller
Backup : Mathieu Garon
Extra Forwards
Normal : T.J. Oshie, Nick Bonino, Martin Samuelsson - PP : T.J. Oshie, Nick Bonino - PK : Tim Connolly
Extra Defensemen
Normal : Anton Stralman, Toni Lydman, Kristopher Letang - PP : Anton Stralman - PK : Kristopher Letang, Ryan Whitney
Penalty Shots
Tyler Ennis, Marian Gaborik, Tim Connolly, Ryan Whitney, Maxim Talbot
Blackhawks
5 vs 5 Forward
Center Left Wing Right Wing Time % Phy DF OF
1 Derick Brassard Antoine Roussel Patrick Kane 40 1 2 2
2 Jonathan Toews Ryan Hollweg Niclas Bergfors 30 1 2 2
3 Peter Regin Tomas Fleischmann Patrick Kaleta 20 1 2 2
4 Kyle Brodziak Oleg Saprykin Carson Mcmillan 10 1 2 2
5 vs 5 Defense
Defense Defense Time % Phy DF OF
1 Ian White Joni Pitkanen 40 1 2 2
2 Kurt Sauer Denis Grebeshkov 30 1 2 2
3 Dave Tanabe Brendan Bell 20 1 2 2
4 Ian White Joni Pitkanen 10 1 2 2
PowerPlay Forward
Center Left Wing Right Wing Time % Phy DF OF
1 Derick Brassard Antoine Roussel Patrick Kane 60 1 2 2
2 Jonathan Toews Ryan Hollweg Niclas Bergfors 40 1 2 2
PowerPlay Defense
Defense Defense Time % Phy DF OF
1 Ian White Joni Pitkanen 60 1 2 2
2 Kurt Sauer Denis Grebeshkov 40 1 2 2
Penalty Kill 4 Players Forward
Center Wing Time % Phy DF OF
1 Peter Regin Oleg Saprykin 60 1 2 2
2 Jonathan Toews Antoine Roussel 40 1 2 2
Penalty Kill 4 Players Defense
Defense Defense Time % Phy DF OF
1 Ian White Joni Pitkanen 60 1 2 2
2 Kurt Sauer Denis Grebeshkov 40 1 2 2
Penalty Kill - 3 Players Forward
Forward Time % Phy DF OF
1 Peter Regin 60 1 2 2
2 Jonathan Toews 40 1 2 2
Penalty Kill - 3 Players Defense
Defense Defense Time % Phy DF OF
1 Ian White Joni Pitkanen 60 1 2 2
2 Kurt Sauer Denis Grebeshkov 40 1 2 2
4 vs 4 Forward
Center Wing Time % Phy DF OF
1 Patrick Kane Derick Brassard 60 1 2 2
2 Jonathan Toews Niclas Bergfors 40 1 2 2
4 vs 4 Defense
Defense Defense Time % Phy DF OF
1 Ian White Joni Pitkanen 60 1 2 2
2 Kurt Sauer Denis Grebeshkov 40 1 2 2
Last Minutes Offensive
Center Left Wing Right Wing Defense Defense
Derick Brassard Antoine Roussel Patrick Kane Ian White Joni Pitkanen
Last Minutes Defensive
Center Left Wing Right Wing Defense Defense
Derick Brassard Antoine Roussel Patrick Kane Ian White Joni Pitkanen
Goaltenders
Starting : Jimmy Howard
Backup : Al Montoya
Extra Forwards
Normal : Tomas Fleischmann, Peter Regin, Patrick Kaleta - PP : Tomas Fleischmann, Peter Regin - PK : Patrick Kaleta
Extra Defensemen
Normal : Joni Pitkanen, Denis Grebeshkov, Kurt Sauer - PP : Joni Pitkanen - PK : Denis Grebeshkov, Kurt Sauer
Penalty Shots
Patrick Kane, Derick Brassard, Jonathan Toews, Niclas Bergfors, Antoine Roussel
% Time on Ice - Coyotes
Lines # - Real PCT - Wanted PCT - Time Play
Normal Forward
1 - 32% - 32% - 15:23
2 - 29% - 30% - 13:50
3 - 23% - 24% - 11:00
4 - 15% - 14% - 7:16
Normal Defense
1 - 38% - 38% - 18:14
2 - 32% - 32% - 15:06
3 - 30% - 30% - 14:09
4 - 0% - 0% - 0:00
PP Forward
1 - 49% - 50% - 3:14
2 - 51% - 50% - 3:19
PP Defense
1 - 56% - 55% - 3:39
2 - 44% - 45% - 2:54
PK Forward
1 - 65% - 55% - 3:54
2 - 35% - 45% - 2:04
PK Defense
1 - 65% - 60% - 3:54
2 - 35% - 40% - 2:04
PK3 Forward
1 - 0% - 60%
2 - 0% - 40%
PK3 Defense
1 - 0% - 60%
2 - 0% - 40%
44 Forward
1 - 0% - 60%
2 - 0% - 40%
44 Defense
1 - 0% - 60%
2 - 0% - 40%
Last Minute Offensive - 0:00
Last Minute Defensive - 0:00
Total
Forward - 60:00
Defense - 60:00
|
% Time on Ice - Blackhawks
Lines # - Real PCT - Wanted PCT - Time Play
Normal Forward
1 - 39% - 40% - 18:26
2 - 27% - 30% - 12:44
3 - 19% - 20% - 9:09
4 - 15% - 10% - 7:10
Normal Defense
1 - 38% - 40% - 17:51
2 - 35% - 30% - 16:31
3 - 23% - 20% - 11:06
4 - 4% - 10% - 2:01
PP Forward
1 - 47% - 60% - 2:47
2 - 53% - 40% - 3:11
PP Defense
1 - 70% - 60% - 4:10
2 - 30% - 40% - 1:48
PK Forward
1 - 82% - 60% - 5:24
2 - 18% - 40% - 1:09
PK Defense
1 - 73% - 60% - 4:46
2 - 27% - 40% - 1:47
PK3 Forward
1 - 0% - 60%
2 - 0% - 40%
PK3 Defense
1 - 0% - 60%
2 - 0% - 40%
44 Forward
1 - 0% - 60%
2 - 0% - 40%
44 Defense
1 - 0% - 60%
2 - 0% - 40%
Last Minute Offensive - 0:00
Last Minute Defensive - 0:00
Total
Forward - 60:00
Defense - 60:00
|
Play by Play
1st period
0:01 of 1st period - Nazem Kadri wins face-off versus Derick Brassard in neutral zone.
0:03 of 1st period - Off-side.
0:04 of 1st period - Nazem Kadri wins face-off versus Patrick Kane in neutral zone.
0:15 of 1st period - Slapshot by Derick Brassard.
0:15 of 1st period - Deflect By Patrick Kane.
0:15 of 1st period - Shot Misses the Net.
0:15 of 1st period - Puck is out of play.
0:16 of 1st period - Tim Connolly wins face-off versus Jonathan Toews in Coyotes zone.
0:27 of 1st period - Wrist shot by Niclas Bergfors.
0:27 of 1st period - Stopped by Ryan Miller with a rebound.
0:29 of 1st period - Wrist shot by Jonathan Toews.
0:29 of 1st period - Stopped by Ryan Miller without a rebound.
0:30 of 1st period - Peter Regin wins face-off versus T.J. Oshie in Coyotes zone.
0:55 of 1st period - Mike Leclerc is hit by Kyle Brodziak and loses puck.
1:18 of 1st period - Snap shot by Tim Connolly.
1:18 of 1st period - Stopped by Jimmy Howard with a rebound.
1:40 of 1st period - Niclas Bergfors is hit by Nazem Kadri.
1:52 of 1st period - Slapshot by Tyler Ennis.
1:52 of 1st period - Stopped by Jimmy Howard with a rebound.
1:54 of 1st period - Snap shot by Marian Gaborik.
1:54 of 1st period - Deflect By Jonathan Toews.
1:54 of 1st period - Shot Misses the Net.
1:54 of 1st period - Puck is out of play.
1:55 of 1st period - Peter Regin wins face-off versus Maxim Talbot in Blackhawks zone.
2:04 of 1st period - Brendan Bell is hit by Eric Brewer and loses puck.
2:27 of 1st period - Snap shot by Tyler Ennis.
2:27 of 1st period - Shot Misses the Net.
2:29 of 1st period - Slapshot by Kristopher Letang.
2:29 of 1st period - Deflect By Patrick Kane.
2:29 of 1st period - Stopped by Jimmy Howard with a rebound.
2:31 of 1st period - Slapshot by Eric Brewer.
2:31 of 1st period - Stopped by Jimmy Howard with a rebound.
2:41 of 1st period - Wrist shot by Jonathan Toews.
2:41 of 1st period - Stopped by Ryan Miller without a rebound.
2:42 of 1st period - Jonathan Toews wins face-off versus Tim Connolly in Coyotes zone.
2:43 of 1st period - Slapshot by Ian White.
2:43 of 1st period - Shot Misses the Net.
2:45 of 1st period - Wrist shot by Jonathan Toews.
2:45 of 1st period - Goal by Jonathan Toews - Coyotes : 0 - Blackhawks : 1.
2:46 of 1st period - Nick Bonino wins face-off versus Derick Brassard in neutral zone.
3:03 of 1st period - Snap shot by Patrick Kane.
3:03 of 1st period - Shot Hit the Post.
3:09 of 1st period - Nick Bonino is hit by Patrick Kane and loses puck.
3:28 of 1st period - Snap shot by Patrick Kane.
3:28 of 1st period - Shot Misses the Net.
3:34 of 1st period - Kurt Sauer is hit by Chris Neil and loses puck.
3:41 of 1st period - Snap shot by Nick Bonino.
3:41 of 1st period - Stopped by Jimmy Howard without a rebound.
3:42 of 1st period - Nazem Kadri wins face-off versus Jonathan Toews in Blackhawks zone.
3:45 of 1st period - Snap shot by Marian Gaborik.
3:45 of 1st period - Deflect By Ryan Hollweg.
3:45 of 1st period - Shot Misses the Net.
3:45 of 1st period - Puck is out of play.
3:46 of 1st period - Nazem Kadri wins face-off versus Jonathan Toews in Blackhawks zone.
4:00 of 1st period - Icing by Eric Brewer.
4:01 of 1st period - Nazem Kadri wins face-off versus Peter Regin in Coyotes zone.
4:01 of 1st period - Nazem Kadri is hit by Peter Regin.
4:51 of 1st period - Wrist shot by T.J. Oshie.
4:51 of 1st period - Shot Blocked by Denis Grebeshkov.
5:15 of 1st period - Slapshot by Kristopher Letang.
5:15 of 1st period - Stopped by Jimmy Howard with a rebound.
5:17 of 1st period - Slapshot by Eric Brewer.
5:17 of 1st period - Stopped by Jimmy Howard without a rebound.
5:18 of 1st period - Jonathan Toews wins face-off versus Tim Connolly in Blackhawks zone.
5:18 of 1st period - Jonathan Toews is hit by Tim Connolly.
5:30 of 1st period - Wrist shot by Niclas Bergfors.
5:30 of 1st period - Stopped by Ryan Miller with a rebound.
6:05 of 1st period - Wrist shot by Patrick Kane.
6:05 of 1st period - Stopped by Ryan Miller without a rebound.
6:06 of 1st period - Nazem Kadri wins face-off versus Peter Regin in Coyotes zone.
6:19 of 1st period - Wrist shot by Tomas Fleischmann.
6:19 of 1st period - Shot Misses the Net.
6:21 of 1st period - Snap shot by Dave Tanabe.
6:21 of 1st period - Stopped by Ryan Miller with a rebound.
6:31 of 1st period - Ryan Whitney is hit by Brendan Bell and loses puck.
6:50 of 1st period - Snap shot by Nazem Kadri.
6:50 of 1st period - Stopped by Jimmy Howard with a rebound.
7:16 of 1st period - Slapshot by Dave Tanabe.
7:16 of 1st period - Stopped by Ryan Miller with a rebound.
7:18 of 1st period - Snap shot by Derick Brassard.
7:18 of 1st period - Stopped by Ryan Miller with a rebound.
7:20 of 1st period - Snap shot by Antoine Roussel.
7:20 of 1st period - Shot Misses the Net.
7:36 of 1st period - Snap shot by Derick Brassard.
7:36 of 1st period - Deflect By Patrick Kane.
7:36 of 1st period - Stopped by Ryan Miller without a rebound.
7:37 of 1st period - Jonathan Toews wins face-off versus Kyle Okposo in Coyotes zone.
7:48 of 1st period - Slapshot by Tim Connolly.
7:48 of 1st period - Stopped by Jimmy Howard without a rebound.
7:49 of 1st period - Jonathan Toews wins face-off versus Ramzi Abid in Blackhawks zone.
7:49 of 1st period - Jonathan Toews is hit by Tim Connolly.
8:14 of 1st period - T.J. Oshie is hit by Joni Pitkanen and loses puck.
8:40 of 1st period - Snap shot by Kristopher Letang.
8:40 of 1st period - Shot Misses the Net.
8:42 of 1st period - Slapshot by Eric Brewer.
8:42 of 1st period - Shot Misses the Net.
8:44 of 1st period - Wrist shot by Kristopher Letang.
8:44 of 1st period - Deflect By Kurt Sauer.
8:44 of 1st period - Stopped by Jimmy Howard with a rebound.
8:46 of 1st period - Wrist shot by Toni Lydman.
8:46 of 1st period - Stopped by Jimmy Howard without a rebound.
8:47 of 1st period - Tim Connolly wins face-off versus Jonathan Toews in Blackhawks zone.
8:48 of 1st period - Snap shot by Kyle Okposo.
8:48 of 1st period - Stopped by Jimmy Howard without a rebound.
8:49 of 1st period - Jonathan Toews wins face-off versus Tim Connolly in Blackhawks zone.
8:49 of 1st period - Jonathan Toews is hit by Toni Lydman.
9:34 of 1st period - Marian Gaborik is hit by Derick Brassard and loses puck.
9:45 of 1st period - Snap shot by Patrick Kane.
9:45 of 1st period - Stopped by Ryan Miller with a rebound.
10:39 of 1st period - Wrist shot by Peter Regin.
10:39 of 1st period - Goal by Peter Regin - Coyotes : 0 - Blackhawks : 2.
10:40 of 1st period - Patrick Kane wins face-off versus Maxim Talbot in neutral zone.
10:49 of 1st period - Wrist shot by T.J. Oshie.
10:49 of 1st period - Shot Misses the Net.
11:10 of 1st period - Kurt Sauer is hit by Ramzi Abid.
11:32 of 1st period - Brendan Bell is hit by Ryan Whitney.
11:36 of 1st period - Nazem Kadri is hit by Patrick Kaleta and loses puck.
12:12 of 1st period - Off-side.
12:13 of 1st period - Derick Brassard wins face-off versus Maxim Talbot in neutral zone.
12:51 of 1st period - Slapshot by Martin Samuelsson.
12:51 of 1st period - Deflect By T.J. Oshie.
12:51 of 1st period - Shot Misses the Net.
12:51 of 1st period - Puck is out of play.
12:52 of 1st period - Tim Connolly wins face-off versus Jonathan Toews in Blackhawks zone.
13:03 of 1st period - Snap shot by Niclas Bergfors.
13:03 of 1st period - Shot Blocked by Tim Connolly.
13:05 of 1st period - Slapshot by Ian White.
13:05 of 1st period - Stopped by Ryan Miller without a rebound.
13:06 of 1st period - Jonathan Toews wins face-off versus Nazem Kadri in Coyotes zone.
13:33 of 1st period - Off-side.
13:34 of 1st period - Peter Regin wins face-off versus Tim Connolly in neutral zone.
13:37 of 1st period - Backhand shot by Dave Tanabe.
13:37 of 1st period - Shot Blocked by Ryan Whitney.
13:40 of 1st period - Icing by Ryan Whitney.
13:41 of 1st period - Peter Regin wins face-off versus Tim Connolly in Coyotes zone.
13:42 of 1st period - Snap shot by Tomas Fleischmann.
13:42 of 1st period - Stopped by Ryan Miller without a rebound.
13:43 of 1st period - Tim Connolly wins face-off versus Peter Regin in Coyotes zone.
14:09 of 1st period - Minor Penalty to Peter Regin for Hooking.
14:10 of 1st period - Patrick Kaleta wins face-off versus Nazem Kadri in Blackhawks zone.
14:36 of 1st period - Ian White is hit by Josh Gorges and loses puck.
14:45 of 1st period - Wrist shot by Ramzi Abid.
14:45 of 1st period - Goal by Ramzi Abid - Coyotes : 1 - Blackhawks : 2.
14:46 of 1st period - Derick Brassard wins face-off versus Tim Connolly in neutral zone.
14:59 of 1st period - Snap shot by Tim Connolly.
14:59 of 1st period - Stopped by Jimmy Howard without a rebound.
15:00 of 1st period - Jonathan Toews wins face-off versus Nazem Kadri in Blackhawks zone.
15:07 of 1st period - Slapshot by Niclas Bergfors.
15:07 of 1st period - Deflect By Jonathan Toews.
15:07 of 1st period - Stopped by Ryan Miller without a rebound.
15:08 of 1st period - Nazem Kadri wins face-off versus Jonathan Toews in Coyotes zone.
15:35 of 1st period - Slapshot by Marian Gaborik.
15:35 of 1st period - Shot Misses the Net.
15:37 of 1st period - Snap shot by Eric Brewer.
15:37 of 1st period - Shot Blocked by Ryan Hollweg.
15:39 of 1st period - Slapshot by Eric Brewer.
15:39 of 1st period - Stopped by Jimmy Howard with a rebound.
15:41 of 1st period - Slapshot by Eric Brewer.
15:41 of 1st period - Deflect By Tyler Ennis.
15:41 of 1st period - Stopped by Jimmy Howard with a rebound.
15:45 of 1st period - Wrist shot by Tyler Ennis.
15:45 of 1st period - Stopped by Jimmy Howard without a rebound.
15:46 of 1st period - Derick Brassard wins face-off versus Martin Samuelsson in Blackhawks zone.
16:18 of 1st period - Wrist shot by Tomas Fleischmann.
16:18 of 1st period - Stopped by Ryan Miller with a rebound.
16:20 of 1st period - Wrist shot by Patrick Kaleta.
16:20 of 1st period - Stopped by Ryan Miller with a rebound.
16:22 of 1st period - Backhand shot by Kurt Sauer.
16:22 of 1st period - Stopped by Ryan Miller without a rebound.
16:23 of 1st period - Maxim Talbot wins face-off versus Jonathan Toews in Coyotes zone.
16:34 of 1st period - Maxim Talbot is hit by Ryan Hollweg.
16:50 of 1st period - Josh Gorges is hit by Joni Pitkanen.
17:20 of 1st period - Wrist shot by Antoine Roussel.
17:20 of 1st period - Shot Misses the Net.
17:22 of 1st period - Wrist shot by Derick Brassard.
17:22 of 1st period - Stopped by Ryan Miller with a rebound.
17:28 of 1st period - Double Minor Penalty to Marian Gaborik for Charging.
17:29 of 1st period - Derick Brassard wins face-off versus Mike Leclerc in Coyotes zone.
17:30 of 1st period - Snap shot by Patrick Kane.
17:30 of 1st period - Shot Blocked by Anton Stralman.
17:32 of 1st period - Snap shot by Derick Brassard.
17:32 of 1st period - Shot Misses the Net.
17:55 of 1st period - Mike Leclerc is hit by Ryan Hollweg and loses puck.
19:45 of 1st period - Snap shot by Tim Connolly.
19:45 of 1st period - Shot Misses the Net.
Goals for this period are 1 for Coyotes vs 2 for Blackhawks.
Shots for this period are 17 for Coyotes vs 19 for Blackhawks.
2nd period
0:01 of 2nd period - Martin Samuelsson wins face-off versus Antoine Roussel in neutral zone.
0:44 of 2nd period - Eric Brewer is hit by Joni Pitkanen and loses puck.
1:28 of 2nd period - Penalty to Marian Gaborik is over, Marian Gaborik is back on ice.
2:12 of 2nd period - Snap shot by Oleg Saprykin.
2:12 of 2nd period - Stopped by Ryan Miller without a rebound.
2:13 of 2nd period - Tim Connolly wins face-off versus Kyle Brodziak in Coyotes zone.
2:25 of 2nd period - Snap shot by Oleg Saprykin.
2:25 of 2nd period - Shot Hit the Post.
2:27 of 2nd period - Snap shot by Oleg Saprykin.
2:27 of 2nd period - Stopped by Ryan Miller with a rebound.
2:29 of 2nd period - Slapshot by Denis Grebeshkov.
2:29 of 2nd period - Shot Blocked by Kristopher Letang.
3:45 of 2nd period - Wrist shot by Ramzi Abid.
3:45 of 2nd period - Stopped by Jimmy Howard without a rebound.
3:46 of 2nd period - Derick Brassard wins face-off versus Nazem Kadri in Blackhawks zone.
3:46 of 2nd period - Derick Brassard is hit by Marian Gaborik.
4:41 of 2nd period - Wrist shot by Patrick Kaleta.
4:41 of 2nd period - Shot Blocked by Kristopher Letang.
4:43 of 2nd period - Snap shot by Peter Regin.
4:43 of 2nd period - Stopped by Ryan Miller without a rebound.
4:44 of 2nd period - Derick Brassard wins face-off versus Nazem Kadri in Coyotes zone.
5:17 of 2nd period - Denis Grebeshkov is hit by Martin Samuelsson and loses puck.
6:35 of 2nd period - Maxim Talbot is hit by Brendan Bell and loses puck.
6:49 of 2nd period - Off-side.
6:50 of 2nd period - Derick Brassard wins face-off versus Nazem Kadri in neutral zone.
7:13 of 2nd period - Backhand shot by Derick Brassard.
7:13 of 2nd period - Shot Misses the Net.
7:29 of 2nd period - Snap shot by Patrick Kane.
7:29 of 2nd period - Stopped by Ryan Miller without a rebound.
7:30 of 2nd period - Jonathan Toews wins face-off versus Maxim Talbot in Coyotes zone.
7:37 of 2nd period - Wrist shot by Jonathan Toews.
7:37 of 2nd period - Shot Blocked by T.J. Oshie.
7:39 of 2nd period - Wrist shot by Niclas Bergfors.
7:39 of 2nd period - Goal by Niclas Bergfors - Coyotes : 1 - Blackhawks : 3.
7:40 of 2nd period - Derick Brassard wins face-off versus Maxim Talbot in neutral zone.
8:28 of 2nd period - Off-side.
8:29 of 2nd period - Peter Regin wins face-off versus Tim Connolly in neutral zone.
9:23 of 2nd period - Wrist shot by Marian Gaborik.
9:23 of 2nd period - Stopped by Jimmy Howard with a rebound.
9:25 of 2nd period - Slapshot by Toni Lydman.
9:25 of 2nd period - Shot Misses the Net.
9:27 of 2nd period - Snap shot by Marian Gaborik.
9:27 of 2nd period - Stopped by Jimmy Howard with a rebound.
9:29 of 2nd period - Slapshot by Marian Gaborik.
9:29 of 2nd period - Stopped by Jimmy Howard without a rebound.
9:30 of 2nd period - Derick Brassard wins face-off versus Tim Connolly in Blackhawks zone.
9:57 of 2nd period - Niclas Bergfors is hit by Eric Brewer and loses puck.
10:06 of 2nd period - Eric Brewer is hit by Jonathan Toews.
10:20 of 2nd period - Eric Brewer is hit by Tomas Fleischmann and loses puck.
10:34 of 2nd period - Off-side.
10:35 of 2nd period - Nick Bonino wins face-off versus Kyle Brodziak in neutral zone.
10:40 of 2nd period - Joni Pitkanen is hit by Josh Gorges and loses puck.
11:01 of 2nd period - Nazem Kadri is hit by Ian White and loses puck.
11:58 of 2nd period - Wrist shot by Jonathan Toews.
11:58 of 2nd period - Shot Blocked by Chris Neil.
12:14 of 2nd period - Mike Leclerc is hit by Jonathan Toews and loses puck.
12:27 of 2nd period - Snap shot by Niclas Bergfors.
12:27 of 2nd period - Stopped by Ryan Miller with a rebound.
12:29 of 2nd period - Wrist shot by Ryan Hollweg.
12:29 of 2nd period - Goal by Ryan Hollweg - Coyotes : 1 - Blackhawks : 4.
12:30 of 2nd period - Derick Brassard wins face-off versus Tyler Ennis in neutral zone.
14:15 of 2nd period - Wrist shot by Tim Connolly.
14:15 of 2nd period - Stopped by Jimmy Howard without a rebound.
14:16 of 2nd period - Derick Brassard wins face-off versus Ramzi Abid in Blackhawks zone.
14:22 of 2nd period - Icing by Kurt Sauer.
14:23 of 2nd period - Maxim Talbot wins face-off versus Derick Brassard in Blackhawks zone.
15:18 of 2nd period - Slapshot by Tyler Ennis.
15:18 of 2nd period - Stopped by Jimmy Howard without a rebound.
15:18 of 2nd period - Minor Penalty to Jimmy Howard for Slashing.
15:19 of 2nd period - Peter Regin wins face-off versus Ramzi Abid in Blackhawks zone.
16:18 of 2nd period - Ramzi Abid is hit by Patrick Kaleta and loses puck.
16:46 of 2nd period - Icing by Tim Connolly.
16:47 of 2nd period - Nazem Kadri wins face-off versus Peter Regin in Coyotes zone.
17:02 of 2nd period - Peter Regin is hit by Kristopher Letang and loses puck.
17:18 of 2nd period - Penalty to Dave Tanabe is over, Dave Tanabe is back on ice.
17:53 of 2nd period - Snap shot by Dave Tanabe.
17:53 of 2nd period - Shot Misses the Net.
17:55 of 2nd period - Snap shot by Dave Tanabe.
17:55 of 2nd period - Deflect By Ryan Hollweg.
17:55 of 2nd period - Stopped by Ryan Miller with a rebound.
18:05 of 2nd period - Backhand shot by Patrick Kaleta.
18:05 of 2nd period - Shot Misses the Net.
18:07 of 2nd period - Slapshot by Ian White.
18:07 of 2nd period - Shot Blocked by Kristopher Letang.
18:15 of 2nd period - Snap shot by Ryan Hollweg.
18:15 of 2nd period - Stopped by Ryan Miller with a rebound.
18:17 of 2nd period - Snap shot by Joni Pitkanen.
18:17 of 2nd period - Shot Misses the Net.
18:19 of 2nd period - Slapshot by Joni Pitkanen.
18:19 of 2nd period - Shot Misses the Net.
18:21 of 2nd period - Snap shot by Ian White.
18:21 of 2nd period - Deflect By Patrick Kaleta.
18:21 of 2nd period - Shot Misses the Net.
18:21 of 2nd period - Puck is out of play.
18:22 of 2nd period - Derick Brassard wins face-off versus Tim Connolly in Coyotes zone.
18:27 of 2nd period - Snap shot by Patrick Kane.
18:27 of 2nd period - Stopped by Ryan Miller with a rebound.
19:31 of 2nd period - Snap shot by Ramzi Abid.
19:31 of 2nd period - Deflect By Denis Grebeshkov.
19:31 of 2nd period - Shot Misses the Net.
19:31 of 2nd period - Puck is out of play.
19:32 of 2nd period - Maxim Talbot wins face-off versus Derick Brassard in Blackhawks zone.
19:43 of 2nd period - Slapshot by Antoine Roussel.
19:43 of 2nd period - Shot Misses the Net.
19:45 of 2nd period - Slapshot by Brendan Bell.
19:45 of 2nd period - Stopped by Ryan Miller without a rebound.
19:46 of 2nd period - Nick Bonino wins face-off versus Derick Brassard in Coyotes zone.
19:48 of 2nd period - Minor Penalty to Mike Leclerc for Delaying the game.
19:49 of 2nd period - Martin Samuelsson wins face-off versus Derick Brassard in Coyotes zone.
Goals for this period are 0 for Coyotes vs 2 for Blackhawks.
Shots for this period are 6 for Coyotes vs 11 for Blackhawks.
3rd period
0:01 of 3rd period - Martin Samuelsson wins face-off versus Derick Brassard in neutral zone.
0:26 of 3rd period - Niclas Bergfors is hit by Maxim Talbot and loses puck.
1:48 of 3rd period - Penalty to Mike Leclerc is over, Mike Leclerc is back on ice.
2:03 of 3rd period - Snap shot by Derick Brassard.
2:03 of 3rd period - Stopped by Ryan Miller without a rebound.
2:04 of 3rd period - Patrick Kane wins face-off versus Nazem Kadri in Coyotes zone.
2:32 of 3rd period - Minor Penalty to Peter Regin for Holding Stick.
2:33 of 3rd period - Patrick Kaleta wins face-off versus Tim Connolly in Blackhawks zone.
2:46 of 3rd period - Wrist shot by Kyle Okposo.
2:46 of 3rd period - Deflect By Ramzi Abid.
2:46 of 3rd period - Stopped by Jimmy Howard with a rebound.
3:13 of 3rd period - Ian White is hit by Marian Gaborik and loses puck.
4:32 of 3rd period - Penalty to Peter Regin is over, Peter Regin is back on ice.
4:39 of 3rd period - Peter Regin is hit by Eric Brewer and loses puck.
5:06 of 3rd period - Jonathan Toews is hit by Anton Stralman and loses puck.
5:13 of 3rd period - Slapshot by Joni Pitkanen.
5:13 of 3rd period - Shot Blocked by Toni Lydman.
5:15 of 3rd period - Slapshot by Kurt Sauer.
5:15 of 3rd period - Stopped by Ryan Miller with a rebound.
5:17 of 3rd period - Wrist shot by Jonathan Toews.
5:17 of 3rd period - Goal by Jonathan Toews - Coyotes : 1 - Blackhawks : 5.
5:18 of 3rd period - Derick Brassard wins face-off versus Tim Connolly in neutral zone.
5:27 of 3rd period - Wrist shot by Ramzi Abid.
5:27 of 3rd period - Stopped by Jimmy Howard with a rebound.
5:29 of 3rd period - Slapshot by Kristopher Letang.
5:29 of 3rd period - Stopped by Jimmy Howard without a rebound.
5:30 of 3rd period - Maxim Talbot wins face-off versus Patrick Kane in Blackhawks zone.
5:43 of 3rd period - Wrist shot by Maxim Talbot.
5:43 of 3rd period - Shot Misses the Net.
5:45 of 3rd period - Slapshot by Ryan Whitney.
5:45 of 3rd period - Deflect By Maxim Talbot.
5:45 of 3rd period - Shot Blocked by Brendan Bell.
5:45 of 3rd period - Puck is out of play.
5:46 of 3rd period - Peter Regin wins face-off versus Tim Connolly in Blackhawks zone.
6:13 of 3rd period - Martin Samuelsson is hit by Oleg Saprykin and loses puck.
7:08 of 3rd period - Snap shot by Nick Bonino.
7:08 of 3rd period - Shot Misses the Net.
7:46 of 3rd period - Snap shot by Tomas Fleischmann.
7:46 of 3rd period - Deflect By T.J. Oshie.
7:46 of 3rd period - Shot Blocked by Ryan Whitney.
7:46 of 3rd period - Puck is out of play.
7:47 of 3rd period - Jonathan Toews wins face-off versus Nazem Kadri in Coyotes zone.
7:48 of 3rd period - Snap shot by Niclas Bergfors.
7:48 of 3rd period - Shot Misses the Net.
7:54 of 3rd period - Tyler Ennis is hit by Joni Pitkanen and loses puck.
9:23 of 3rd period - Wrist shot by Maxim Talbot.
9:23 of 3rd period - Goal by Maxim Talbot - Coyotes : 2 - Blackhawks : 5.
9:24 of 3rd period - Jonathan Toews wins face-off versus Martin Samuelsson in neutral zone.
9:40 of 3rd period - Kristopher Letang is hit by Ryan Hollweg and loses puck.
9:51 of 3rd period - Denis Grebeshkov is hit by Kyle Okposo and loses puck.
10:16 of 3rd period - Kurt Sauer is hit by Josh Gorges and loses puck.
11:01 of 3rd period - Minor Penalty to Joni Pitkanen for Hooking.
11:02 of 3rd period - Tim Connolly wins face-off versus Peter Regin in Blackhawks zone.
11:32 of 3rd period - Oleg Saprykin is hit by Eric Brewer and loses puck.
12:04 of 3rd period - Tyler Ennis is hit by Patrick Kaleta and loses puck.
12:11 of 3rd period - Marian Gaborik is hit by Kurt Sauer and loses puck.
12:18 of 3rd period - Kurt Sauer is hit by Marian Gaborik and loses puck.
13:01 of 3rd period - Penalty to Joni Pitkanen is over, Joni Pitkanen is back on ice.
14:56 of 3rd period - Chris Neil is hit by Ian White and loses puck.
15:26 of 3rd period - Wrist shot by Niclas Bergfors.
15:26 of 3rd period - Stopped by Ryan Miller with a rebound.
15:28 of 3rd period - Slapshot by Niclas Bergfors.
15:28 of 3rd period - Shot Misses the Net.
16:08 of 3rd period - Marian Gaborik is hit by Dave Tanabe and loses puck.
16:23 of 3rd period - Jonathan Toews is hit by Eric Brewer and loses puck.
17:18 of 3rd period - Oleg Saprykin is hit by Josh Gorges and loses puck.
17:33 of 3rd period - Slapshot by Joni Pitkanen.
17:33 of 3rd period - Shot Blocked by Tim Connolly.
18:15 of 3rd period - Slapshot by Tyler Ennis.
18:15 of 3rd period - Shot Misses the Net.
18:28 of 3rd period - Tyler Ennis is hit by Patrick Kane and loses puck.
18:42 of 3rd period - Antoine Roussel is hit by Marian Gaborik and loses puck.
19:05 of 3rd period - Backhand shot by Derick Brassard.
19:05 of 3rd period - Deflect By Antoine Roussel.
19:05 of 3rd period - Stopped by Ryan Miller without a rebound.
19:06 of 3rd period - Jonathan Toews wins face-off versus Tim Connolly in Coyotes zone.
19:10 of 3rd period - Off-side.
19:11 of 3rd period - Jonathan Toews wins face-off versus Tim Connolly in neutral zone.
19:38 of 3rd period - Off-side.
19:39 of 3rd period - Maxim Talbot wins face-off versus Peter Regin in neutral zone.
19:44 of 3rd period - Slapshot by Maxim Talbot.
19:44 of 3rd period - Stopped by Jimmy Howard with a rebound.
19:46 of 3rd period - Wrist shot by Martin Samuelsson.
19:46 of 3rd period - Stopped by Jimmy Howard without a rebound.
19:47 of 3rd period - Jonathan Toews wins face-off versus Tim Connolly in Blackhawks zone.
Goals for this period are 1 for Coyotes vs 1 for Blackhawks.
Shots for this period are 6 for Coyotes vs 5 for Blackhawks.
Back to the Top